 Dungeon Sprint DCSS version 0.22.0-21-g8bd1b0a (webtiles) character file.

3100000 poirepourri the Middleweight Champion (level 18, -1/200 HPs)
             Began as a Ghoul Gladiator on Aug 19, 2018.
             Was a Priest of Makhleb.
             Slain by a destroyer
             ... wielding a +9 great sword of slicing
              (47 damage)
             ... in the Dungeon (Sprint VIII: "Arena of Blood").
             The game lasted 00:00:22 (31 turns).

poirepourri the Middleweight Champion (GhGl)          Turns: 31, Time: 00:00:23

Health: -1/200     AC:  5    Str: 20    XL:     18   Next: 93%
Magic:  17/17      EV: 32    Int:  3    God:    Makhleb [***...]
Gold:   0          SH:  0    Dex: 16    Spells: 17/17 levels left

rFire    . . .     SeeInvis .   k - +∞ Axe of Woe
rCold    + . .     Gourm    .   (shield currently unavailable)
rNeg     + + +     Faith    .   a - +0 leather armour
rPois    ∞         Spirit   .   b - +0 helmet
rElec    .         Reflect  .   (no cloak)
rCorr    .         Harm     .   (no gloves)
MR       +....     NoTele   +   (no boots)
Stlth    +.........             (no amulet)
HPRegen  0.00/turn              (no ring)
MPRegen  0.15/turn              (no ring)

@: rotting
A: rotting body, claws 1, carnivore, cold resistance 1, negative energy
resistance 3, inhibited regeneration, torment resistance, unbreathing
a: Minor Destruction, Lesser Servant of Makhleb, Renounce Religion


You were in the Dungeon.
You worshipped Makhleb.
Makhleb was most pleased with you.
You were not hungry.

You visited 1 branch

Inventory:

Hand Weapons
 k - the +∞ Axe of Woe (weapon)
   (You found it in the Dungeon)
Missiles
 c - 3 throwing nets (quivered)
Armour
 a - a +0 leather armour (worn)
 b - a +0 helmet (worn)
Scrolls
 j - a scroll of blinking
Potions
 e - a potion of curing
 f - a potion of heal wounds
 g - a potion of haste
 h - 2 potions of magic
 i - a potion of berserk rage
Comestibles
 d - a ration


   Skills:
 O Level 27 Fighting
 + Level 21.3 Axes
 + Level 23.1 Throwing
 + Level 10.4 Armour
 O Level 27 Dodging
 O Level 27 Unarmed Combat


You had 17 spell levels left.
You didn't know any spells.
Your spell library was empty.

Dungeon Overview and Level Annotations

Branches:
Dungeon (1/1)

Altars:
Makhleb


Innate Abilities, Weirdness & Mutations

Your body is rotting away.
You thrive on raw meat.
You are immune to poison.
You have sharp fingernails.
You are carnivorous and can eat meat at any time.
Your flesh is cold resistant. (rC+)
You are immune to negative energy. (rN+++)
You do not regenerate when monsters are visible.
You are immune to unholy pain and torment.
You can survive without breathing.


Message History

Your Armour skill gained 2 levels and is now at level 8!
You have reached level 18!
Your experience leads to an increase in your attributes!
Increase (S)trength, (I)ntelligence, or (D)exterity?
You feel agile.
You hit the destroyer.
You pulverise the destroyer into a thin bloody mist.
You destroy the destroyer!
Makhleb accepts your kill.
You have mastered Fighting!
Your Axes skill gained 3 levels and is now at level 21!
Your Throwing skill gained 2 levels and is now at level 23!
Your Armour skill gained 2 levels and is now at level 10!
You hear a shout! x13
The meat berserker rages.
You hear a shout!
The destroyer hits you with a +9 great sword of slicing!!!!!
Ouch! That really hurt!
* * * LOW HITPOINT WARNING * * *
You die...

..... .. #...
.# . #... ..#
..###... ..###.
......###......
....._.O....
#)..O.# #@)§._#
#VV...#
....._......
......###......
..###.§. ..###.
. #... ..# #...
.# ..... ..


You could see 2 destroyers, a large bag of meat (inner flame) and a meat
berserker (berserk).

Vanquished Creatures
  2 vampire knights (D)
  4 ogres (D)
  3 orcs (D)
9 creatures vanquished.

Notes
Turn   | Place    | Note
-------+----------+-------------------------------------------
     0 | D        | Found the +∞ Axe of Woe
     0 | D        | poirepourri the Ghoul Gladiator began the quest for the Orb.
     0 | D        | Reached XP level 1. HP: 17/17 MP: 0/0
     4 | D        | Became a worshipper of Makhleb the Destroyer
     6 | D        | Noticed a meat berserker
     9 | D        | Killed a meat berserker
     9 | D        | Reached skill level 5 in Axes
     9 | D        | Reached XP level 2. HP: 42/42 MP: 1/1
     9 | D        | Reached XP level 3. HP: 49/49 MP: 2/2
     9 | D        | Reached XP level 4. HP: 57/57 MP: 3/3
     9 | D        | Reached XP level 5. HP: 63/63 MP: 4/4
     9 | D        | Reached XP level 6. HP: 71/71 MP: 5/5
     9 | D        | Reached XP level 7. HP: 78/78 MP: 6/6
     9 | D        | Reached XP level 8. HP: 85/85 MP: 7/7
     9 | D        | Reached XP level 9. HP: 92/92 MP: 8/8
     9 | D        | Reached XP level 10. HP: 100/100 MP: 9/9
     9 | D        | Reached XP level 11. HP: 106/106 MP: 10/10
     9 | D        | Reached XP level 12. HP: 113/113 MP: 11/11
     9 | D        | Reached XP level 13. HP: 119/119 MP: 12/12
    18 | D        | Noticed a meat berserker
    18 | D        | Noticed a bag of meat
    20 | D        | Noticed a meat berserker
    22 | D        | Killed a meat berserker
    22 | D        | Reached * piety under Makhleb
    22 | D        | Reached XP level 14. HP: 133/133 MP: 13/13
    22 | D        | Killed a bag of meat
    22 | D        | Reached skill level 15 in Fighting
    22 | D        | Reached skill level 1 in Armour
    22 | D        | Reached XP level 15. HP: 143/143 MP: 14/14
    23 | D        | Killed a meat berserker
    23 | D        | Reached skill level 27 in Unarmed Combat
    23 | D        | Reached XP level 16. HP: 155/155 MP: 15/15
    25 | D        | Noticed a meat berserker
    26 | D        | Reached ** piety under Makhleb
    26 | D        | Reached skill level 10 in Axes
    26 | D        | Reached skill level 15 in Throwing
    26 | D        | Noticed a destroyer
    27 | D        | Noticed a destroyer
    27 | D        | Noticed a destroyer
    28 | D        | Noticed a large bag of meat
    28 | D        | Noticed a destroyer
    30 | D        | Killed a meat berserker
    30 | D        | Reached skill level 27 in Dodging
    30 | D        | Reached XP level 17. HP: 170/170 MP: 16/16
    30 | D        | Noticed a meat berserker
    31 | D        | Killed a destroyer
    31 | D        | Reached *** piety under Makhleb
    31 | D        | Reached XP level 18. HP: 192/192 MP: 17/17
    31 | D        | Killed a destroyer
    31 | D        | Reached skill level 27 in Fighting
    31 | D        | Reached skill level 10 in Armour
    31 | D        | Slain by a destroyer

Skill      XL: |  1  2  3  4  5  6  7  8  9 10 11 12 13 14 15 16 17 18 |
---------------+-------------------------------------------------------+-----
Fighting       | 12 14 15 17 20 24 27 | 27.0
Axes           | 5 6 7 8 12 18 21 | 21.3
Throwing       | 11 12 13 14 17 21 23 | 23.1
Dodging        | 18 21 22 24 27 | 27.0
Unarmed Combat | 21 24 25 27 | 27.0
Armour         | 1 3 6 8 10 | 10.4

Action                   |  1- 3 |  4- 6 |  7- 9 | 10-12 | 13-15 | 16-18 || total
-------------------------+-------+-------+-------+-------+-------+-------++-------
Melee: Executioner's axe |     1 |       |       |       |     2 |     3 ||     6
